 Dungeon Crawl Stone Soup version 0.23.2-1-ga50397a6bc (webtiles) character file.

Game seed: 3909347075476125705

4 MisterOstroum the Sneak (level 1, 0/15 HPs)
             Began as a Naga Enchanter on May 6, 2019.
             Slain by a dart slug (3 damage)
             ... on level 1 of the Dungeon.
             The game lasted 00:02:49 (204 turns).

MisterOstroum the Sneak (Naga Enchanter)             Turns: 204, Time: 00:02:49

Health: 0/15       AC:  1    Str: 10    XL:     1   Next: 70%
Magic:  2/3        EV: 10    Int: 15    God:
Gold:   0          SH:  0    Dex: 11    Spells: 3/4 levels left

rFire    . . .     SeeInvis +   a - +1 dagger
rCold    . . .     Gourm    .   (no shield)
rNeg     . . .     Faith    .   b - +0 robe
rPois    +         Spirit   .   (no helmet)
rElec    .         Reflect  .   (no cloak)
rCorr    .         Harm     .   (no gloves)
MR       .....                  (no barding)
Stlth    +++.......             (no amulet)
HPRegen  0.05/turn              (no ring)
MPRegen  0.08/turn              (no ring)

@: very slow
A: large, see invisible, deformed body, poison resistance, slowness 2, slow
metabolism 1, spit poison 1, AC +0
a: Spit Poison


You were on level 1 of the Dungeon.
You were not hungry.

You visited 1 branch of the dungeon, and saw 1 of its levels.

Inventory:

Hand Weapons
 a - a +1 dagger (weapon)
Missiles
 d - 24 stones (quivered)
Armour
 b - a +0 robe (worn)
Potions
 f - a potion of invisibility {unknown}
Comestibles
 c - 3 chunks of flesh
 e - 2 rations


   Skills:
 - Level 1.0 Short Blades
 - Level 1.5 Dodging
 + Level 4.6 Stealth
 + Level 2.1 Spellcasting
 + Level 3.1 Hexes


You had 3 spell levels left.
You knew the following spells:

 Your Spells              Type           Power        Failure   Level  Hunger
a - Corona                Hex            ##.....      6%          1    #......

Your spell library contained the following spells:

 Spells                   Type           Power        Failure   Level  Hunger
 Ensorcelled Hibernation  Hex/Ice        #.....       17%         2    ###....
 Confuse                  Hex            ##......     19%         3    ###....
 Tukima's Dance           Hex            ##......     19%         3    ###....
 Dazzling Spray           Conj/Hex       #.....       34%         3    ###....


Dungeon Overview and Level Annotations

Branches:
Dungeon (1/15)

Altars:


Innate Abilities, Weirdness & Mutations

You cannot wear boots.
Your serpentine skin is tough. (AC +0)
You have supernaturally acute eyesight. (SInv)
Armour fits poorly on your strangely shaped body.
Your system is resistant to poisons. (rPois)
You cover ground very slowly.
You have a slow metabolism.
You can spit poison.


Message History

Found a stone staircase leading down.
A dart slug comes into view.
The dart slug bites you but does no damage.
You hit the dart slug.
The dart slug is lightly wounded.
The dart slug bites you but does no damage.
You hit the dart slug but do no damage.
The dart slug is lightly wounded.
You hit the dart slug.
The dart slug is moderately wounded.
The dart slug bites you.
Casting: Corona (safe; 6% risk of failure)
Confirm with . or Enter, or press ? or * to list all spells.
Aiming: Corona (safe; 6% risk of failure)
Press: ? - help, Shift-Dir - straight line, f - dart slug
Aim: a dart slug (moderately wounded, clinging, chance to defeat MR: 63%)
The dart slug struggles to resist.
The dart slug bites you.
You hit the dart slug but do no damage.
The dart slug is moderately wounded.
You hit the dart slug.
The dart slug is heavily wounded.
The dart slug closely misses you.
You hit the dart slug.
The dart slug is severely wounded.
The dart slug completely misses you.
You hit the dart slug.
The dart slug is almost dead.
You hit the dart slug.
You kill the dart slug!
You see here a dart slug corpse.
You butcher the dart slug corpse.
c - a chunk of flesh Magic restored.
HP restored.
Found 24 stones.
You see here 24 stones.
d - 24 stones
f - a brown potion
Found a stone staircase leading down.
Found an escape hatch in the floor.
There is a stone staircase leading down here.
A goblin comes into view.
You see here a ration.
e - 2 rations (gained 1)
Press: ? - help, Shift-Dir - straight line, f - goblin
Aim: a goblin (resting)
The splash of poison hits the goblin!
The goblin is poisoned.
You kill the goblin!
You feel slightly more hungry.
You see here a goblin corpse.
You butcher the goblin corpse.
You have got your breath back.
c - 3 chunks of flesh (gained 2)
You see here a goblin skeleton.
A bat and a dart slug come into view.
Press: ? - help, Shift-Dir - straight line
Okay, then.
Found a scroll labeled VOENAG UHEWK.
A bat comes into view.
Casting: Corona (safe; 6% risk of failure)
Confirm with . or Enter, or press ? or * to list all spells.
Aiming: Corona (safe; 6% risk of failure)
Press: ? - help, Shift-Dir - straight line, f - bat
Aim: a bat (chance to defeat MR: 63%)
The bat struggles to resist.
The bat closely misses you.
Press: ? - help, Shift-Dir - straight line, f/p - bat
Aim: a bat The splash of poison hits the bat!
The bat is poisoned.
You kill the bat!
You feel slightly more hungry. The bat barely misses you.
The dart slug launches a dart at you. The slug dart hits you.
The bat hits you but does no damage. The dart slug launches a dart at you.
The slug dart hits you!
* * * LOW HITPOINT WARNING * * *
You hit the dart slug.
The dart slug is moderately wounded.
The bat closely misses you. The dart slug bites you.
* * * LOW HITPOINT WARNING * * *
Okay, then.
You hit the dart slug but do no damage.
The dart slug is moderately wounded.
The bat barely misses you. The dart slug barely misses you.
You barely miss the dart slug.
The dart slug is moderately wounded.
The bat hits you but does no damage.
You hit the dart slug.
The dart slug is almost dead.
You have got your breath back.
The bat hits you but does no damage. The dart slug launches a dart at you.
The slug dart misses you.
You hit the dart slug.
The dart slug is almost dead.
The bat hits you.
* * * LOW HITPOINT WARNING * * *
The dart slug bites you.
You die...

## #.###### #. #.##...#
#.. #.##...# #..
#.##...# #... #.##...#
#...####### #.##...#
#.........# #.##..รท#
#...w@....###.##...#
#...b.....#....#...###
..................>.....
............#....####.##
............#....# #.#
............#....# #.#
..........?.###+## #.#
.....######## #.# #.#


You could see a dart slug and a bat.

Vanquished Creatures
  A dart slug (D:1)
  A goblin (D:1)
  A bat (D:1)
3 creatures vanquished.

Notes
Turn   | Place    | Note
-------+----------+-------------------------------------------
     0 | D:1      | MisterOstroum the Naga Enchanter began the quest for the
                  | Orb.
     0 | D:1      | Reached XP level 1. HP: 15/15 MP: 3/3
   204 | D:1      | Slain by a dart slug

Action                   || total
-------------------------++-------
Melee: Dagger            ||    13
 Cast: Corona            ||     2
 Abil: Spit Poison       ||     2
Armor: Robe              ||     5
Dodge: Dodged            ||     8
